Remparts vs Punishers
Created - March 3, 2021 at 19:21
Goals
|
| Remparts |
1 |
1 |
0 |
2 |
| Punishers |
1 |
1 |
1 |
3 |
|
Shots
|
| Remparts |
12 |
11 |
8 |
31 |
| Punishers |
12 |
11 |
8 |
31 |
|
1st period
1. Remparts , Kerby Rychel 20 (Jerry D'Amigo 20, Griffin Reinhart 28) at 13:45
2. Punishers , Zack Hamill 8 (Anton Blidh 9) at 19:36
Penalties :
Andreas Athanasiou (Pro) for Tripping (Minor) at 14:11
2nd period
3. Remparts , Mitchell Heard 3 (Aaron Ekblad 42, Kyle Platzer 2) at 15:18
4. Punishers , Nikita Gusev 12 (Fredrik Claesson 22) at 16:46
Penalties :
Noah Juulsen (Pro) for Interference (Minor) at 3:32, Roberts Lipsbergs (Que) for Hooking (Minor) at 9:27, Mitchell Heard (Que) for Roughing (Minor) at 12:51
3rd period
5. Punishers , Elias Lindholm 16 (Andreas Athanasiou 26, Samuel Morin 17) at 11:16
Penalties :
John Draeger (Que) for Slashing (Minor) at 2:05, Michael Latta (Que) for Cross-checking (Minor) at 6:03, Michael Latta (Que) for Holding Stick (Minor) at 15:49
Goalie Stats
Igor Bobkov (Que), 28 saves from 31 shots - (0.903), L, 26-9-1, 59:13 minutes
Louis Domingue (Pro), 29 saves from 31 shots - (0.935), W, 26-13-0, 60:00 minutes
Players Stats for Remparts
Player Name G A P +/- PIM S H SB GA TA FO MP PP MP PK MP
------------------------------------------------------------------------------------
Aaron Ekblad 0 1 1 0 0 2 0 1 0 0 0/0 26:14 2:17 5:54
Griffin Reinhart 0 1 1 1 0 2 2 1 0 0 0/0 16:40 1:41 0:52
Jake Virtanen 0 0 0 -1 0 3 5 0 0 0 0/0 13:16 1:47 0:00
Jerry D'Amigo 0 1 1 0 0 2 3 0 0 0 0/0 11:54 0:07 0:57
John Draeger 0 0 0 -2 2 1 1 1 0 0 0/0 17:26 0:00 3:09
Jonathan Huberdeau 0 0 0 0 0 1 4 0 0 0 0/0 19:29 2:04 3:43
Kerby Rychel 1 0 1 0 0 2 0 0 0 0 0/0 12:37 1:47 0:00
Kyle Platzer 0 1 1 0 0 0 1 1 0 0 1/2 11:31 0:03 2:36
Matt Puempel 0 0 0 -1 0 1 1 0 0 0 0/1 11:39 0:00 0:00
Michael Latta 0 0 0 0 4 1 3 0 1 0 11/31 19:42 2:08 2:53
Michael McCarron 0 0 0 -1 0 0 1 0 0 0 0/1 8:27 0:00 0:00
Michal Jordan 0 0 0 -1 0 1 0 3 1 0 0/0 20:53 2:17 0:18
Mitchell Heard 1 0 1 0 2 7 1 0 0 0 2/3 12:22 0:00 0:16
Niklas Hansson 0 0 0 -1 0 0 0 1 0 1 0/0 20:00 0:00 5:36
Quinton Howden 0 0 0 0 0 0 2 0 0 1 2/6 16:47 1:47 4:10
Roberts Lipsbergs 0 0 0 0 2 0 0 0 0 0 0/0 10:09 0:07 0:28
Tobias Rieder 0 0 0 0 0 6 1 1 0 0 0/2 21:47 2:04 4:47
William Colbert 0 0 0 1 0 2 1 0 0 2 0/0 19:07 1:41 4:01
Players Stats for Punishers
Player Name G A P +/- PIM S H SB GA TA FO MP PP MP PK MP
------------------------------------------------------------------------------------
Adam Pelech 0 0 0 -2 0 2 2 1 1 1 0/0 22:16 5:43 2:21
Alex Schoenborn 0 0 0 0 0 0 0 0 1 0 0/0 6:53 0:00 0:00
Andreas Athanasiou 0 1 1 0 2 7 1 3 0 0 0/1 16:56 0:41 0:48
Anton Blidh 0 1 1 0 0 0 0 0 0 0 0/0 6:53 0:00 0:00
Austen Brassard 0 0 0 1 0 0 0 0 0 0 1/1 18:46 4:33 0:00
Ben Betker 0 0 0 0 0 0 0 0 0 0 0/0 0:48 0:00 0:00
Brett Kulak 0 0 0 -1 0 1 1 0 0 0 0/0 19:39 4:12 1:37
Carter Ashton 0 0 0 1 0 1 2 0 0 0 0/0 12:45 0:00 1:13
Connor Clifton 0 0 0 0 0 0 0 0 0 0 0/0 0:00 0:00 0:00
Corey Tropp 0 0 0 0 0 3 1 1 2 0 2/4 19:49 5:05 2:00
Daniel Audette 0 0 0 0 0 0 0 0 0 0 0/0 0:00 0:00 0:00
Elias Lindholm 1 0 1 1 0 2 1 0 0 0 11/19 19:17 5:07 0:00
Fredrik Claesson 0 1 1 2 0 0 1 1 0 1 0/0 10:43 0:00 0:00
John Quenneville 0 0 0 1 0 1 1 1 0 0 4/6 11:31 0:00 0:00
Joseph Cramarossa 0 0 0 -1 0 0 0 0 0 0 0/0 1:10 0:14 0:26
Madison Bowey 0 0 0 0 0 1 0 0 0 0 0/0 18:50 0:00 1:37
Michael Joly 0 0 0 -1 0 0 0 0 0 0 0/0 0:43 0:03 0:00
Nicolas Roy 0 0 0 0 0 0 0 0 0 0 0/0 0:03 0:00 0:03
Nikita Gusev 1 0 1 1 0 2 0 1 0 0 0/0 11:31 0:00 0:00
Niko Mikkola 0 0 0 1 0 0 0 1 0 0 0/0 4:06 0:00 0:00
Noah Juulsen 0 0 0 2 2 0 1 2 0 0 0/0 17:02 4:12 0:00
Radek Faksa 0 0 0 0 0 2 2 0 0 0 5/8 17:47 4:24 1:32
Samuel Morin 0 1 1 0 0 2 0 1 0 0 0/0 26:36 5:43 2:21
Tyler Bertuzzi 0 0 0 0 0 5 1 0 0 0 0/0 19:05 4:21 1:54
Zack Hamill 1 0 1 0 0 2 1 0 0 0 7/7 12:51 5:17 0:00
3 Stars
1 - Elias Lindholm (Pro)
2 - Nikita Gusev (Pro)
3 - Fredrik Claesson (Pro)
Power Play
Remparts - 0 on 2 Attempt(s) - 0.00%
Punishers - 0 on 5 Attempt(s) - 0.00%
Penalty Kill
Remparts - 5 on 5 Attempt(s) - 100.00%
- Score 0 goal in Penalty Kill
Punishers - 2 on 2 Attempt(s) - 100.00%
- Score 0 goal in Penalty Kill
Team Stat
Remparts - Hits : 26 - Faceoff Wins : 16 - Blocked Shots : 9 - Penalty Minutes : 10
Punishers - Hits : 15 - Faceoff Wins : 30 - Blocked Shots : 12 - Penalty Minutes : 4
Official
Referees : Unknown
Linesman : Unknown
Game Notes
No Game Note
Finance
Level 1 -- Attendance: 1474 (73.70%) -- Ticket Income $58,960
Level 2 -- Attendance: 720 (72.00%) -- Ticket Income $14,400
Total Attendance: 2194 (73.13%)
Total Ticket Income: $73,360
Other Income: $3,668
Total Income: $77,028
Remparts
5 vs 5 Forward
Center Left Wing Right Wing Time % Phy DF OF
1 Michael Latta Jonathan Huberdeau Tobias Rieder 40 0 2 3
2 Quinton Howden Kerby Rychel Jerry D'Amigo 30 0 2 3
3 Mitchell Heard Matt Puempel Jake Virtanen 20 0 3 2
4 Kyle Platzer Roberts Lipsbergs Michael McCarron 10 1 2 2
5 vs 5 Defense
Defense Defense Time % Phy DF OF
1 Aaron Ekblad Michal Jordan 40 0 2 3
2 Griffin Reinhart William Colbert 30 0 2 3
3 Niklas Hansson John Draeger 20 1 2 2
4 Aaron Ekblad Michal Jordan 10 0 2 3
PowerPlay Forward
Center Left Wing Right Wing Time % Phy DF OF
1 Michael Latta Jonathan Huberdeau Tobias Rieder 60 0 1 4
2 Quinton Howden Kerby Rychel Jake Virtanen 40 0 1 4
PowerPlay Defense
Defense Defense Time % Phy DF OF
1 Aaron Ekblad Michal Jordan 60 0 2 3
2 Griffin Reinhart William Colbert 40 0 2 3
Penalty Kill 4 Players Forward
Center Wing Time % Phy DF OF
1 Michael Latta Tobias Rieder 60 1 3 1
2 Quinton Howden Jerry D'Amigo 40 1 3 1
Penalty Kill 4 Players Defense
Defense Defense Time % Phy DF OF
1 Aaron Ekblad Niklas Hansson 60 1 4 0
2 William Colbert John Draeger 40 1 4 0
Penalty Kill - 3 Players Forward
Forward Time % Phy DF OF
1 Michael Latta 60 1 3 1
2 Tobias Rieder 40 1 3 1
Penalty Kill - 3 Players Defense
Defense Defense Time % Phy DF OF
1 Aaron Ekblad Niklas Hansson 60 1 4 0
2 John Draeger William Colbert 40 1 4 0
4 vs 4 Forward
Center Wing Time % Phy DF OF
1 Michael Latta Jonathan Huberdeau 60 0 2 3
2 Quinton Howden Tobias Rieder 40 0 2 3
4 vs 4 Defense
Defense Defense Time % Phy DF OF
1 Aaron Ekblad Michal Jordan 60 0 2 3
2 Griffin Reinhart William Colbert 40 0 2 3
Last Minutes Offensive
Center Left Wing Right Wing Defense Defense
Michael Latta Jonathan Huberdeau Tobias Rieder Aaron Ekblad Michal Jordan
Last Minutes Defensive
Center Left Wing Right Wing Defense Defense
Michael Latta Kerby Rychel Tobias Rieder Aaron Ekblad Niklas Hansson
Goaltenders
Starting : Igor Bobkov
Backup : Garret Sparks
Extra Forwards
Normal : Jake Virtanen, Jonathan Huberdeau, Tobias Rieder - PP : Jake Virtanen, Jonathan Huberdeau - PK : Michael Latta
Extra Defensemen
Normal : Griffin Reinhart, Aaron Ekblad, Michal Jordan - PP : Aaron Ekblad - PK : John Draeger, Aaron Ekblad
Penalty Shots
Jerry D'Amigo, Jake Virtanen, Jonathan Huberdeau, Quinton Howden, Tobias Rieder
Scratches
Viktor Baldayev (Healthy), Juuso Ikonen (Healthy), Keaton Thompson (Healthy), Connor Honey (Healthy), Lukas Vejdemo (Healthy)
Dmytro Timashov (Healthy), Anton Zlobin (Healthy), Aleksander Barkov (Strained Right Elbow Injury), Nelson Nogier (Healthy), Jake Walman (Healthy)
Marek Langhamer (Healthy)
Punishers
5 vs 5 Forward
Center Left Wing Right Wing Time % Phy DF OF
1 Elias Lindholm Andreas Athanasiou Austen Brassard 40 1 2 2
2 Radek Faksa Tyler Bertuzzi Corey Tropp 30 1 2 2
3 John Quenneville Nikita Gusev Carter Ashton 20 1 2 2
4 Zack Hamill Anton Blidh Alex Schoenborn 10 1 2 2
5 vs 5 Defense
Defense Defense Time % Phy DF OF
1 Madison Bowey Samuel Morin 40 1 2 2
2 Brett Kulak Adam Pelech 30 1 2 2
3 Fredrik Claesson Noah Juulsen 20 1 2 2
4 Samuel Morin Niko Mikkola 10 1 2 2
PowerPlay Forward
Center Left Wing Right Wing Time % Phy DF OF
1 Zack Hamill Elias Lindholm Corey Tropp 60 1 2 2
2 Radek Faksa Tyler Bertuzzi Austen Brassard 40 1 2 2
PowerPlay Defense
Defense Defense Time % Phy DF OF
1 Samuel Morin Adam Pelech 60 1 2 2
2 Brett Kulak Noah Juulsen 40 1 2 2
Penalty Kill 4 Players Forward
Center Wing Time % Phy DF OF
1 Corey Tropp Tyler Bertuzzi 60 1 2 2
2 Andreas Athanasiou Carter Ashton 40 1 2 2
Penalty Kill 4 Players Defense
Defense Defense Time % Phy DF OF
1 Samuel Morin Adam Pelech 60 1 2 2
2 Brett Kulak Madison Bowey 40 1 2 2
Penalty Kill - 3 Players Forward
Forward Time % Phy DF OF
1 Tyler Bertuzzi 60 1 2 2
2 Corey Tropp 40 1 2 2
Penalty Kill - 3 Players Defense
Defense Defense Time % Phy DF OF
1 Samuel Morin Adam Pelech 60 1 2 2
2 Brett Kulak Madison Bowey 40 1 2 2
4 vs 4 Forward
Center Wing Time % Phy DF OF
1 Elias Lindholm Zack Hamill 60 1 2 2
2 Radek Faksa Andreas Athanasiou 40 1 2 2
4 vs 4 Defense
Defense Defense Time % Phy DF OF
1 Madison Bowey Adam Pelech 60 1 2 2
2 Brett Kulak Noah Juulsen 40 1 2 2
Last Minutes Offensive
Center Left Wing Right Wing Defense Defense
Zack Hamill Andreas Athanasiou Corey Tropp Samuel Morin Adam Pelech
Last Minutes Defensive
Center Left Wing Right Wing Defense Defense
Zack Hamill Tyler Bertuzzi Corey Tropp Madison Bowey Samuel Morin
Goaltenders
Starting : Louis Domingue
Backup : Daniel Altshuller
Extra Forwards
Normal : Radek Faksa, Andreas Athanasiou, Elias Lindholm - PP : Tyler Bertuzzi, Andreas Athanasiou - PK : Tyler Bertuzzi
Extra Defensemen
Normal : Noah Juulsen, Madison Bowey, Adam Pelech - PP : Fredrik Claesson - PK : Noah Juulsen, Madison Bowey
Penalty Shots
Zack Hamill, Elias Lindholm, Andreas Athanasiou, Radek Faksa, Tyler Bertuzzi
Scratches
Gabriel Gagne (Healthy), Austin Wagner (Healthy)
% Time on Ice - Remparts
Lines # - Real PCT - Wanted PCT - Time Play
Normal Forward
1 - 31% - 40% - 14:09
2 - 24% - 30% - 10:50
3 - 26% - 20% - 11:39
4 - 19% - 10% - 8:27
Normal Defense
1 - 37% - 40% - 16:52
2 - 31% - 30% - 13:48
3 - 29% - 20% - 13:14
4 - 3% - 10% - 1:11
PP Forward
1 - 55% - 60% - 2:11
2 - 45% - 40% - 1:47
PP Defense
1 - 58% - 60% - 2:17
2 - 42% - 40% - 1:41
PK Forward
1 - 90% - 60% - 8:58
2 - 10% - 40% - 0:57
PK Defense
1 - 56% - 60% - 5:36
2 - 44% - 40% - 4:19
PK3 Forward
1 - 0% - 60%
2 - 0% - 40%
PK3 Defense
1 - 0% - 60%
2 - 0% - 40%
44 Forward
1 - 0% - 60%
2 - 0% - 40%
44 Defense
1 - 0% - 60%
2 - 0% - 40%
Last Minute Offensive - 1:02
Last Minute Defensive - 0:00
Total
Forward - 60:00
Defense - 60:00
|
% Time on Ice - Punishers
Lines # - Real PCT - Wanted PCT - Time Play
Normal Forward
1 - 32% - 40% - 14:39
2 - 27% - 30% - 12:03
3 - 26% - 20% - 11:31
4 - 15% - 10% - 6:53
Normal Defense
1 - 36% - 40% - 16:27
2 - 31% - 30% - 13:50
3 - 24% - 20% - 10:43
4 - 9% - 10% - 4:06
PP Forward
1 - 54% - 60% - 5:20
2 - 46% - 40% - 4:35
PP Defense
1 - 58% - 60% - 5:43
2 - 42% - 40% - 4:12
PK Forward
1 - 69% - 60% - 2:45
2 - 31% - 40% - 1:13
PK Defense
1 - 59% - 60% - 2:21
2 - 41% - 40% - 1:37
PK3 Forward
1 - 0% - 60%
2 - 0% - 40%
PK3 Defense
1 - 0% - 60%
2 - 0% - 40%
44 Forward
1 - 0% - 60%
2 - 0% - 40%
44 Defense
1 - 0% - 60%
2 - 0% - 40%
Last Minute Offensive - 0:00
Last Minute Defensive - 1:01
Total
Forward - 60:00
Defense - 60:00
|
Play-by-Play
1st period
0:01 of 1st period - Elias Lindholm wins face-off versus Michael Latta in neutral zone.
0:14 of 1st period - Slapshot by Andreas Athanasiou.
0:14 of 1st period - Shot Misses the Net.
1:33 of 1st period - Tobias Rieder is hit by Noah Juulsen and loses puck.
1:38 of 1st period - Wrist shot by Andreas Athanasiou.
1:38 of 1st period - Stopped by Igor Bobkov without a rebound.
1:39 of 1st period - Michael Latta wins face-off versus Elias Lindholm in Remparts zone.
2:07 of 1st period - Snap shot by Radek Faksa.
2:07 of 1st period - Shot Misses the Net.
2:27 of 1st period - Niklas Hansson is hit by Adam Pelech and loses puck.
4:03 of 1st period - Wrist shot by Corey Tropp.
4:03 of 1st period - Shot Misses the Net.
4:05 of 1st period - Snap shot by Tyler Bertuzzi.
4:05 of 1st period - Stopped by Igor Bobkov with a rebound.
4:23 of 1st period - Wrist shot by Radek Faksa.
4:23 of 1st period - Stopped by Igor Bobkov with a rebound.
4:25 of 1st period - Wrist shot by Tyler Bertuzzi.
4:25 of 1st period - Stopped by Igor Bobkov with a rebound.
4:37 of 1st period - Wrist shot by Radek Faksa.
4:37 of 1st period - Shot Misses the Net.
4:39 of 1st period - Slapshot by Fredrik Claesson.
4:39 of 1st period - Shot Misses the Net.
4:41 of 1st period - Slapshot by Fredrik Claesson.
4:41 of 1st period - Shot Misses the Net.
4:43 of 1st period - Snap shot by Tyler Bertuzzi.
4:43 of 1st period - Stopped by Igor Bobkov with a rebound.
4:45 of 1st period - Wrist shot by Corey Tropp.
4:45 of 1st period - Stopped by Igor Bobkov with a rebound.
4:47 of 1st period - Snap shot by Radek Faksa.
4:47 of 1st period - Shot Blocked by John Draeger.
4:49 of 1st period - Snap shot by Corey Tropp.
4:49 of 1st period - Deflect By Niklas Hansson.
4:49 of 1st period - Shot Misses the Net.
4:49 of 1st period - Puck is out of play.
4:50 of 1st period - Michael Latta wins face-off versus Elias Lindholm in Remparts zone.
5:38 of 1st period - Zack Hamill is hit by Jonathan Huberdeau and loses puck.
6:35 of 1st period - Slapshot by Adam Pelech.
6:35 of 1st period - Shot Blocked by Kyle Platzer.
6:49 of 1st period - Snap shot by Jake Virtanen.
6:49 of 1st period - Stopped by Louis Domingue without a rebound.
6:50 of 1st period - Elias Lindholm wins face-off versus Matt Puempel in Punishers zone.
7:12 of 1st period - Wrist shot by Jonathan Huberdeau.
7:12 of 1st period - Stopped by Louis Domingue with a rebound.
7:14 of 1st period - Slapshot by John Draeger.
7:14 of 1st period - Stopped by Louis Domingue without a rebound.
7:15 of 1st period - Radek Faksa wins face-off versus Michael Latta in Punishers zone.
7:22 of 1st period - Snap shot by Radek Faksa.
7:22 of 1st period - Deflect By Tyler Bertuzzi.
7:22 of 1st period - Shot Blocked by Michal Jordan.
7:22 of 1st period - Puck is out of play.
7:23 of 1st period - Michael Latta wins face-off versus Elias Lindholm in Remparts zone.
7:28 of 1st period - Wrist shot by Tobias Rieder.
7:28 of 1st period - Shot Misses the Net.
7:36 of 1st period - Slapshot by Jonathan Huberdeau.
7:36 of 1st period - Deflect By Madison Bowey.
7:36 of 1st period - Shot Misses the Net.
7:36 of 1st period - Puck is out of play.
7:37 of 1st period - Quinton Howden wins face-off versus Elias Lindholm in Punishers zone.
7:50 of 1st period - Snap shot by Jerry D'Amigo.
7:50 of 1st period - Stopped by Louis Domingue with a rebound.
8:07 of 1st period - Snap shot by Nikita Gusev.
8:07 of 1st period - Stopped by Igor Bobkov with a rebound.
8:09 of 1st period - Slapshot by Madison Bowey.
8:09 of 1st period - Deflect By Tobias Rieder.
8:09 of 1st period - Stopped by Igor Bobkov without a rebound.
8:10 of 1st period - Radek Faksa wins face-off versus Tobias Rieder in Remparts zone.
8:23 of 1st period - Slapshot by Tyler Bertuzzi.
8:23 of 1st period - Stopped by Igor Bobkov with a rebound.
8:35 of 1st period - Griffin Reinhart is hit by Andreas Athanasiou and loses puck.
8:44 of 1st period - Wrist shot by Andreas Athanasiou.
8:44 of 1st period - Stopped by Igor Bobkov with a rebound.
9:02 of 1st period - Slapshot by Matt Puempel.
9:02 of 1st period - Shot Blocked by Nikita Gusev.
9:43 of 1st period - Snap shot by Corey Tropp.
9:43 of 1st period - Shot Blocked by Niklas Hansson.
9:45 of 1st period - Slapshot by Niko Mikkola.
9:45 of 1st period - Shot Misses the Net.
10:21 of 1st period - Wrist shot by Jake Virtanen.
10:21 of 1st period - Shot Misses the Net.
10:23 of 1st period - Slapshot by Mitchell Heard.
10:23 of 1st period - Stopped by Louis Domingue with a rebound.
10:25 of 1st period - Snap shot by John Draeger.
10:25 of 1st period - Shot Misses the Net.
10:27 of 1st period - Wrist shot by Mitchell Heard.
10:27 of 1st period - Stopped by Louis Domingue with a rebound.
10:29 of 1st period - Wrist shot by Mitchell Heard.
10:29 of 1st period - Deflect By Matt Puempel.
10:29 of 1st period - Stopped by Louis Domingue with a rebound.
10:31 of 1st period - Slapshot by Niklas Hansson.
10:31 of 1st period - Shot Blocked by Fredrik Claesson.
11:22 of 1st period - Slapshot by Griffin Reinhart.
11:22 of 1st period - Stopped by Louis Domingue with a rebound.
11:24 of 1st period - Slapshot by Quinton Howden.
11:24 of 1st period - Shot Misses the Net.
11:26 of 1st period - Snap shot by Quinton Howden.
11:26 of 1st period - Shot Blocked by Adam Pelech.
11:38 of 1st period - John Quenneville is hit by Jake Virtanen and loses puck.
12:03 of 1st period - Radek Faksa is hit by Jonathan Huberdeau and loses puck.
12:37 of 1st period - Icing by Niklas Hansson.
12:38 of 1st period - Elias Lindholm wins face-off versus Quinton Howden in Remparts zone.
13:08 of 1st period - Snap shot by Michael Latta.
13:08 of 1st period - Stopped by Louis Domingue with a rebound.
13:10 of 1st period - Slapshot by Michal Jordan.
13:10 of 1st period - Stopped by Louis Domingue with a rebound.
13:12 of 1st period - Snap shot by Tobias Rieder.
13:12 of 1st period - Stopped by Louis Domingue with a rebound.
13:45 of 1st period - Slapshot by Kerby Rychel.
13:45 of 1st period - Goal by Kerby Rychel - Remparts : 1 - Punishers : 0.
13:46 of 1st period - Austen Brassard wins face-off versus Michael Latta in neutral zone.
13:48 of 1st period - Off-side.
13:49 of 1st period - Elias Lindholm wins face-off versus Michael Latta in neutral zone.
13:58 of 1st period - Austen Brassard is hit by Jonathan Huberdeau and loses puck.
14:11 of 1st period - Minor Penalty to Andreas Athanasiou for Tripping.
14:12 of 1st period - Corey Tropp wins face-off versus Michael Latta in Punishers zone.
14:12 of 1st period - Corey Tropp is hit by Michael Latta.
15:15 of 1st period - Madison Bowey is hit by Michael Latta.
16:11 of 1st period - Penalty to Andreas Athanasiou is over, Andreas Athanasiou is back on ice.
16:43 of 1st period - Griffin Reinhart is hit by Zack Hamill and loses puck.
18:44 of 1st period - Wrist shot by Elias Lindholm.
18:44 of 1st period - Stopped by Igor Bobkov without a rebound.
18:45 of 1st period - Mitchell Heard wins face-off versus Corey Tropp in Remparts zone.
18:45 of 1st period - Mitchell Heard is hit by Corey Tropp.
18:51 of 1st period - Snap shot by Griffin Reinhart.
18:51 of 1st period - Shot Misses the Net.
18:53 of 1st period - Slapshot by William Colbert.
18:53 of 1st period - Shot Blocked by Samuel Morin.
19:16 of 1st period - Wrist shot by Michael Latta.
19:16 of 1st period - Shot Misses the Net.
19:34 of 1st period - Wrist shot by Anton Blidh.
19:34 of 1st period - Shot Blocked by Michal Jordan.
19:36 of 1st period - Wrist shot by Zack Hamill.
19:36 of 1st period - Goal by Zack Hamill - Remparts : 1 - Punishers : 1.
19:37 of 1st period - Elias Lindholm wins face-off versus Michael Latta in neutral zone.
19:51 of 1st period - Snap shot by Andreas Athanasiou.
19:51 of 1st period - Shot Misses the Net.
Goals for this period are 1 for Remparts vs 1 for Punishers.
Shots for this period are 12 for Remparts vs 12 for Punishers.
2nd period
0:01 of 2nd period - Elias Lindholm wins face-off versus Michael Latta in neutral zone.
0:04 of 2nd period - Slapshot by Austen Brassard.
0:04 of 2nd period - Shot Misses the Net.
0:58 of 2nd period - Slapshot by Aaron Ekblad.
0:58 of 2nd period - Stopped by Louis Domingue with a rebound.
1:16 of 2nd period - Backhand shot by Adam Pelech.
1:16 of 2nd period - Stopped by Igor Bobkov with a rebound.
1:36 of 2nd period - Snap shot by Andreas Athanasiou.
1:36 of 2nd period - Stopped by Igor Bobkov with a rebound.
1:40 of 2nd period - Snap shot by Andreas Athanasiou.
1:40 of 2nd period - Stopped by Igor Bobkov without a rebound.
1:41 of 2nd period - Michael Latta wins face-off versus Radek Faksa in Remparts zone.
1:46 of 2nd period - Tyler Bertuzzi is hit by Griffin Reinhart and loses puck.
2:16 of 2nd period - Wrist shot by Elias Lindholm.
2:16 of 2nd period - Shot Misses the Net.
2:56 of 2nd period - Mitchell Heard is hit by Fredrik Claesson and loses puck.
3:03 of 2nd period - Carter Ashton is hit by Matt Puempel and loses puck.
3:32 of 2nd period - Minor Penalty to Noah Juulsen for Interference.
3:33 of 2nd period - Michael Latta wins face-off versus Corey Tropp in Punishers zone.
4:15 of 2nd period - Madison Bowey is hit by Jonathan Huberdeau and loses puck.
5:32 of 2nd period - Penalty to Noah Juulsen is over, Noah Juulsen is back on ice.
5:45 of 2nd period - Snap shot by Griffin Reinhart.
5:45 of 2nd period - Shot Misses the Net.
5:47 of 2nd period - Slapshot by Kyle Platzer.
5:47 of 2nd period - Shot Misses the Net.
5:49 of 2nd period - Wrist shot by Roberts Lipsbergs.
5:49 of 2nd period - Deflect By Michael McCarron.
5:49 of 2nd period - Shot Misses the Net.
5:49 of 2nd period - Puck is out of play.
5:50 of 2nd period - John Quenneville wins face-off versus Michael McCarron in Punishers zone.
5:59 of 2nd period - Snap shot by Kyle Platzer.
5:59 of 2nd period - Shot Misses the Net.
6:33 of 2nd period - Wrist shot by Zack Hamill.
6:33 of 2nd period - Stopped by Igor Bobkov with a rebound.
6:39 of 2nd period - Slapshot by Anton Blidh.
6:39 of 2nd period - Shot Misses the Net.
6:51 of 2nd period - Snap shot by Kerby Rychel.
6:51 of 2nd period - Shot Misses the Net.
6:57 of 2nd period - Jonathan Huberdeau is hit by Radek Faksa and loses puck.
7:33 of 2nd period - Austen Brassard is hit by John Draeger and loses puck.
8:02 of 2nd period - Wrist shot by Adam Pelech.
8:02 of 2nd period - Stopped by Igor Bobkov without a rebound.
8:03 of 2nd period - John Quenneville wins face-off versus Michael Latta in Remparts zone.
8:04 of 2nd period - Snap shot by Carter Ashton.
8:04 of 2nd period - Shot Blocked by Tobias Rieder.
8:09 of 2nd period - Off-side.
8:10 of 2nd period - John Quenneville wins face-off versus Michael Latta in neutral zone.
8:15 of 2nd period - Slapshot by John Quenneville.
8:15 of 2nd period - Stopped by Igor Bobkov with a rebound.
8:35 of 2nd period - Austen Brassard is hit by Jerry D'Amigo and loses puck.
9:00 of 2nd period - Tyler Bertuzzi is hit by Jake Virtanen and loses puck.
9:14 of 2nd period - Off-side.
9:15 of 2nd period - Zack Hamill wins face-off versus Kyle Platzer in neutral zone.
9:27 of 2nd period - Minor Penalty to Roberts Lipsbergs for Hooking.
9:28 of 2nd period - Elias Lindholm wins face-off versus Tobias Rieder in Remparts zone.
9:44 of 2nd period - Snap shot by Corey Tropp.
9:44 of 2nd period - Stopped by Igor Bobkov with a rebound.
10:06 of 2nd period - Wrist shot by Radek Faksa.
10:06 of 2nd period - Stopped by Igor Bobkov without a rebound.
10:07 of 2nd period - Michael Latta wins face-off versus Radek Faksa in Remparts zone.
10:07 of 2nd period - Michael Latta is hit by Radek Faksa.
10:47 of 2nd period - Slapshot by Brett Kulak.
10:47 of 2nd period - Stopped by Igor Bobkov with a rebound.
11:27 of 2nd period - Penalty to Roberts Lipsbergs is over, Roberts Lipsbergs is back on ice.
11:54 of 2nd period - Slapshot by William Colbert.
11:54 of 2nd period - Stopped by Louis Domingue with a rebound.
11:56 of 2nd period - Slapshot by John Draeger.
11:56 of 2nd period - Shot Misses the Net.
11:58 of 2nd period - Slapshot by Tobias Rieder.
11:58 of 2nd period - Shot Blocked by Noah Juulsen.
12:00 of 2nd period - Snap shot by Michael Latta.
12:00 of 2nd period - Shot Misses the Net.
12:02 of 2nd period - Wrist shot by Tobias Rieder.
12:02 of 2nd period - Stopped by Louis Domingue with a rebound.
12:04 of 2nd period - Slapshot by John Draeger.
12:04 of 2nd period - Deflect By Tobias Rieder.
12:04 of 2nd period - Stopped by Louis Domingue without a rebound.
12:05 of 2nd period - Elias Lindholm wins face-off versus Quinton Howden in Punishers zone.
12:51 of 2nd period - Minor Penalty to Mitchell Heard for Roughing.
12:52 of 2nd period - Zack Hamill wins face-off versus Michael Latta in Remparts zone.
13:25 of 2nd period - Snap shot by Tyler Bertuzzi.
13:25 of 2nd period - Shot Misses the Net.
13:27 of 2nd period - Wrist shot by Tyler Bertuzzi.
13:27 of 2nd period - Shot Misses the Net.
14:51 of 2nd period - Penalty to Mitchell Heard is over, Mitchell Heard is back on ice.
14:58 of 2nd period - Wrist shot by Mitchell Heard.
14:58 of 2nd period - Stopped by Louis Domingue with a rebound.
15:00 of 2nd period - Slapshot by Mitchell Heard.
15:00 of 2nd period - Stopped by Louis Domingue with a rebound.
15:02 of 2nd period - Wrist shot by Kyle Platzer.
15:02 of 2nd period - Shot Hit the Post.
15:08 of 2nd period - Wrist shot by Kyle Platzer.
15:08 of 2nd period - Shot Misses the Net.
15:10 of 2nd period - Slapshot by Kyle Platzer.
15:10 of 2nd period - Shot Blocked by Andreas Athanasiou.
15:12 of 2nd period - Snap shot by Mitchell Heard.
15:12 of 2nd period - Shot Misses the Net.
15:14 of 2nd period - Slapshot by Aaron Ekblad.
15:14 of 2nd period - Shot Blocked by Andreas Athanasiou.
15:16 of 2nd period - Wrist shot by Mitchell Heard.
15:16 of 2nd period - Stopped by Louis Domingue with a rebound.
15:18 of 2nd period - Snap shot by Mitchell Heard.
15:18 of 2nd period - Goal by Mitchell Heard - Remparts : 2 - Punishers : 1.
15:19 of 2nd period - Elias Lindholm wins face-off versus Michael Latta in neutral zone.
15:31 of 2nd period - Snap shot by Jonathan Huberdeau.
15:31 of 2nd period - Shot Misses the Net.
15:33 of 2nd period - Snap shot by Michael Latta.
15:33 of 2nd period - Shot Blocked by Andreas Athanasiou.
15:45 of 2nd period - Madison Bowey is hit by William Colbert and loses puck.
15:52 of 2nd period - Snap shot by Quinton Howden.
15:52 of 2nd period - Shot Misses the Net.
16:33 of 2nd period - Jonathan Huberdeau is hit by Adam Pelech and loses puck.
16:46 of 2nd period - Snap shot by Nikita Gusev.
16:46 of 2nd period - Goal by Nikita Gusev - Remparts : 2 - Punishers : 2.
16:47 of 2nd period - Elias Lindholm wins face-off versus Michael Latta in neutral zone.
17:02 of 2nd period - Wrist shot by Elias Lindholm.
17:02 of 2nd period - Shot Misses the Net.
17:21 of 2nd period - Snap shot by Tyler Bertuzzi.
17:21 of 2nd period - Shot Blocked by Aaron Ekblad.
17:23 of 2nd period - Slapshot by Tyler Bertuzzi.
17:23 of 2nd period - Shot Blocked by Michal Jordan.
17:25 of 2nd period - Snap shot by Samuel Morin.
17:25 of 2nd period - Deflect By Corey Tropp.
17:25 of 2nd period - Stopped by Igor Bobkov without a rebound.
17:26 of 2nd period - Michael Latta wins face-off versus John Quenneville in Remparts zone.
17:51 of 2nd period - Elias Lindholm is hit by Quinton Howden and loses puck.
18:00 of 2nd period - Wrist shot by Jerry D'Amigo.
18:00 of 2nd period - Stopped by Louis Domingue without a rebound.
18:01 of 2nd period - Radek Faksa wins face-off versus Michael Latta in Punishers zone.
18:14 of 2nd period - Snap shot by Jonathan Huberdeau.
18:14 of 2nd period - Shot Misses the Net.
18:16 of 2nd period - Wrist shot by Michael Latta.
18:16 of 2nd period - Shot Misses the Net.
18:26 of 2nd period - Kerby Rychel is hit by Elias Lindholm and loses puck.
18:35 of 2nd period - Slapshot by Jerry D'Amigo.
18:35 of 2nd period - Shot Misses the Net.
19:10 of 2nd period - Slapshot by Jake Virtanen.
19:10 of 2nd period - Stopped by Louis Domingue with a rebound.
19:12 of 2nd period - Slapshot by Aaron Ekblad.
19:12 of 2nd period - Stopped by Louis Domingue without a rebound.
19:13 of 2nd period - Mitchell Heard wins face-off versus Elias Lindholm in Punishers zone.
19:47 of 2nd period - Wrist shot by Michael Latta.
19:47 of 2nd period - Deflect By Jonathan Huberdeau.
19:47 of 2nd period - Shot Misses the Net.
19:47 of 2nd period - Puck is out of play.
19:48 of 2nd period - Radek Faksa wins face-off versus Michael Latta in Punishers zone.
Goals for this period are 1 for Remparts vs 1 for Punishers.
Shots for this period are 11 for Remparts vs 11 for Punishers.
3rd period
0:01 of 3rd period - Elias Lindholm wins face-off versus Michael Latta in neutral zone.
0:01 of 3rd period - Elias Lindholm is hit by Tobias Rieder.
0:30 of 3rd period - Samuel Morin is hit by Jerry D'Amigo and loses puck.
1:52 of 3rd period - Wrist shot by Kyle Platzer.
1:52 of 3rd period - Shot Blocked by Noah Juulsen.
2:05 of 3rd period - Minor Penalty to John Draeger for Slashing.
2:06 of 3rd period - Zack Hamill wins face-off versus Michael Latta in Remparts zone.
4:05 of 3rd period - Penalty to John Draeger is over, John Draeger is back on ice.
4:15 of 3rd period - Slapshot by Carter Ashton.
4:15 of 3rd period - Shot Misses the Net.
4:17 of 3rd period - Wrist shot by Nikita Gusev.
4:17 of 3rd period - Shot Blocked by Griffin Reinhart.
4:19 of 3rd period - Wrist shot by Carter Ashton.
4:19 of 3rd period - Shot Misses the Net.
4:21 of 3rd period - Slapshot by Madison Bowey.
4:21 of 3rd period - Shot Misses the Net.
4:32 of 3rd period - Off-side.
4:33 of 3rd period - Zack Hamill wins face-off versus Mitchell Heard in neutral zone.
5:26 of 3rd period - Andreas Athanasiou is hit by Kyle Platzer and loses puck.
5:41 of 3rd period - Snap shot by Mitchell Heard.
5:41 of 3rd period - Stopped by Louis Domingue without a rebound.
5:42 of 3rd period - John Quenneville wins face-off versus Michael Latta in Punishers zone.
5:42 of 3rd period - John Quenneville is hit by Michael Latta.
6:03 of 3rd period - Minor Penalty to Michael Latta for Cross-checking.
6:04 of 3rd period - Zack Hamill wins face-off versus Quinton Howden in Remparts zone.
6:30 of 3rd period - Aaron Ekblad is hit by Tyler Bertuzzi and loses puck.
6:37 of 3rd period - Snap shot by Tyler Bertuzzi.
6:37 of 3rd period - Shot Misses the Net.
6:39 of 3rd period - Snap shot by Tyler Bertuzzi.
6:39 of 3rd period - Stopped by Igor Bobkov with a rebound.
8:03 of 3rd period - Penalty to Michael Latta is over, Michael Latta is back on ice.
8:13 of 3rd period - Aaron Ekblad is hit by Carter Ashton and loses puck.
9:11 of 3rd period - John Quenneville is hit by Jake Virtanen and loses puck.
9:24 of 3rd period - Elias Lindholm is hit by Michael McCarron.
10:10 of 3rd period - Radek Faksa is hit by Mitchell Heard and loses puck.
10:21 of 3rd period - Adam Pelech is hit by Jerry D'Amigo.
10:25 of 3rd period - Slapshot by Brett Kulak.
10:25 of 3rd period - Deflect By Carter Ashton.
10:25 of 3rd period - Stopped by Igor Bobkov with a rebound.
10:39 of 3rd period - Snap shot by Andreas Athanasiou.
10:39 of 3rd period - Stopped by Igor Bobkov without a rebound.
10:40 of 3rd period - Kyle Platzer wins face-off versus Elias Lindholm in Remparts zone.
10:49 of 3rd period - Wrist shot by Kyle Platzer.
10:49 of 3rd period - Shot Blocked by Niko Mikkola.
10:59 of 3rd period - Andreas Athanasiou is hit by Jake Virtanen and loses puck.
11:12 of 3rd period - Wrist shot by Andreas Athanasiou.
11:12 of 3rd period - Stopped by Igor Bobkov with a rebound.
11:14 of 3rd period - Wrist shot by Andreas Athanasiou.
11:14 of 3rd period - Shot Misses the Net.
11:16 of 3rd period - Slapshot by Elias Lindholm.
11:16 of 3rd period - Goal by Elias Lindholm - Remparts : 2 - Punishers : 3.
11:17 of 3rd period - Michael Latta wins face-off versus Radek Faksa in neutral zone.
11:19 of 3rd period - Off-side.
11:20 of 3rd period - Radek Faksa wins face-off versus Michael Latta in neutral zone.
11:29 of 3rd period - Snap shot by Tobias Rieder.
11:29 of 3rd period - Deflect By Corey Tropp.
11:29 of 3rd period - Stopped by Louis Domingue with a rebound.
11:31 of 3rd period - Snap shot by Tobias Rieder.
11:31 of 3rd period - Stopped by Louis Domingue without a rebound.
11:32 of 3rd period - Michael Latta wins face-off versus Elias Lindholm in Punishers zone.
11:47 of 3rd period - Snap shot by Andreas Athanasiou.
11:47 of 3rd period - Stopped by Igor Bobkov with a rebound.
12:32 of 3rd period - Brett Kulak is hit by Jake Virtanen and loses puck.
12:45 of 3rd period - Michael Latta is hit by Brett Kulak.
12:49 of 3rd period - Wrist shot by Jonathan Huberdeau.
12:49 of 3rd period - Shot Misses the Net.
12:51 of 3rd period - Slapshot by William Colbert.
12:51 of 3rd period - Deflect By Andreas Athanasiou.
12:51 of 3rd period - Stopped by Louis Domingue with a rebound.
14:54 of 3rd period - Slapshot by Samuel Morin.
14:54 of 3rd period - Stopped by Igor Bobkov without a rebound.
14:55 of 3rd period - Quinton Howden wins face-off versus Elias Lindholm in Remparts zone.
15:00 of 3rd period - Samuel Morin is hit by Quinton Howden and loses puck.
15:08 of 3rd period - Slapshot by Griffin Reinhart.
15:08 of 3rd period - Stopped by Louis Domingue with a rebound.
15:10 of 3rd period - Wrist shot by Kerby Rychel.
15:10 of 3rd period - Stopped by Louis Domingue with a rebound.
15:38 of 3rd period - Slapshot by Samuel Morin.
15:38 of 3rd period - Deflect By Aaron Ekblad.
15:38 of 3rd period - Stopped by Igor Bobkov with a rebound.
15:40 of 3rd period - Wrist shot by Elias Lindholm.
15:40 of 3rd period - Shot Misses the Net.
15:46 of 3rd period - Slapshot by Elias Lindholm.
15:46 of 3rd period - Deflect By Austen Brassard.
15:46 of 3rd period - Shot Misses the Net.
15:46 of 3rd period - Puck is out of play.
15:47 of 3rd period - Michael Latta wins face-off versus John Quenneville in Remparts zone.
15:49 of 3rd period - Minor Penalty to Michael Latta for Holding Stick.
15:50 of 3rd period - Zack Hamill wins face-off versus Quinton Howden in Remparts zone.
17:49 of 3rd period - Penalty to Michael Latta is over, Michael Latta is back on ice.
17:58 of 3rd period - Slapshot by Aaron Ekblad.
17:58 of 3rd period - Shot Blocked by John Quenneville.
18:06 of 3rd period - Matt Puempel is hit by John Quenneville and loses puck.
18:28 of 3rd period - Slapshot by Aaron Ekblad.
18:28 of 3rd period - Shot Misses the Net.
18:30 of 3rd period - Snap shot by Jake Virtanen.
18:30 of 3rd period - Stopped by Louis Domingue without a rebound.
18:31 of 3rd period - Michael Latta wins face-off versus Andreas Athanasiou in Punishers zone.
18:49 of 3rd period - Jerry D'Amigo is hit by Carter Ashton and loses puck.
19:10 of 3rd period - Noah Juulsen is hit by Griffin Reinhart and loses puck.
19:13 of 3rd period - Remparts, Igor Bobkov is pulled from the net.
19:21 of 3rd period - Backhand shot by Tobias Rieder.
19:21 of 3rd period - Deflect By Michael Latta.
19:21 of 3rd period - Shot Blocked by Corey Tropp.
19:21 of 3rd period - Puck is out of play.
19:22 of 3rd period - Glen Gulutzan call a timeout for Remparts.
19:22 of 3rd period - Zack Hamill wins face-off versus Michael Latta in Punishers zone.
19:39 of 3rd period - Slapshot by Jonathan Huberdeau.
19:39 of 3rd period - Shot Misses the Net.
19:41 of 3rd period - Wrist shot by Tobias Rieder.
19:41 of 3rd period - Stopped by Louis Domingue without a rebound.
19:42 of 3rd period - Corey Tropp wins face-off versus Michael Latta in Punishers zone.
Goals for this period are 0 for Remparts vs 1 for Punishers.
Shots for this period are 8 for Remparts vs 8 for Punishers.
Output by the SimonT Hockey Simulator (STHS) for Francois Prevost